 Dungeon Crawl Stone Soup version 0.27.1-4-g1640c2035a (webtiles) character file.

Game seed: 5811617563803741950

3187 styxcanada the Covert (level 9, 0/45 HPs)
             Began as a Spriggan Brigand on Oct 31, 2021.
             Was an Initiate of Gozag.
             Slain by a killer bee (6 damage)
             ... on level 8 of the Dungeon on Nov 1, 2021.
             The game lasted 00:32:34 (8602 turns).

styxcanada the Covert (Spriggan Brigand)            Turns: 8602, Time: 00:32:35

Health: 0/45       AC:  3    Str: 13    XL:     9   Next: 64%
Magic:  10/10      EV: 21    Int: 13    God:    Gozag
Gold:   610        SH:  7    Dex: 19    Spells: 8/8 levels left

rFire    . . .     SeeInvis +   a - +2 dagger
rCold    . . .     Faith    .   n - +0 buckler
rNeg     . . .     Spirit   .   b - +0 robe
rPois    .         Reflect  .   (helmet restricted)
rElec    .         Harm     .   c - +0 cloak
rCorr    .         Rampage  .   (gloves unavailable)
Will     ++...                  (boots unavailable)
Stlth    +++++.....             (no amulet)
HPRegen  0.15/turn              h - ring of willpower
MPRegen  0.12/turn              m - +6 ring of strength

@: brilliant, attractive, very quick
A: very small, no large weapons, unfitting armour, see invisible, speed 3
a: Renounce Religion, Potion Petition, Call Merchant, Bribe Branch


You were on level 8 of the Dungeon.
You worshipped Gozag.
Gozag was pleased with you.
You visited 1 branch of the dungeon, and saw 8 of its levels.

You collected 650 gold pieces.
You paid 40 gold pieces to Gozag.

Inventory:

Hand Weapons
 a - a +2 dagger (weapon)
 l - a +0 hunting sling
Missiles
 d - 22 poisoned darts (quivered)
 e - a curare-tipped dart
 g - 60 sling bullets
 i - 140 stones
 w - 4 boomerangs
Armour
 b - a +0 robe (worn)
 c - a +0 cloak (worn)
 n - a +0 buckler (worn)
Jewellery
 f - a ring of fire
 h - a ring of willpower (left hand)
 m - a +6 ring of strength (right hand)
 s - a ring of resist corrosion
Wands
 p - a wand of paralysis (4)
 q - a wand of flame (24)
 y - a wand of polymorph (9)
Scrolls
 j - 4 scrolls of blinking
 t - a scroll of teleportation
 v - 3 scrolls of immolation
Potions
 o - 2 potions of haste
 r - a potion of magic
 x - a potion of attraction


   Skills:
 * Level 4.1 Fighting
 + Level 5.1 Short Blades
 + Level 4.7(6.1) Slings
 + Level 4.9(5.5) Throwing
 * Level 6.4 Dodging
 * Level 12.1 Stealth
 * Level 3.1 Shields
 * Level 4.4 Evocations


You had 8 spell levels left.
You didn't know any spells.
Your spell library contained the following spells:

 Spells                   Type           Power      Damage    Failure   Level
 Sublimation of Blood     Necr           0%         N/A       52%         2
 Wereblood                Tmut           0%         N/A       52%         2
 Gell's Gravitas          Tloc           0%         N/A       77%         3
 Teleport Other           Tloc           0%         N/A       77%         3
 Dispersal                Tloc           0%         N/A       100%        6
 Summon Hydra             Summ           0%         N/A       100%        7


Dungeon Overview and Level Annotations

Branches:
Dungeon (8/15)             Temple (0/1) D:7
   Lair: D:8-11

Altars:
Dithmenos
Gozag
Hepliaklqana
Qazlal
Wu Jian
Yredelemnul
The Shining One

Shops:
D:1 (   D:6 [


Innate Abilities, Weirdness & Mutations

You are very small and have problems with some larger weapons.
You are too small for most types of armour.
You have supernaturally acute eyesight. (SInv)
You cover ground extremely quickly. (Speed+++)


Message History

You feel sick. You block the killer bee's attack. The killer bee stings you!
You barely miss the killer bee.
You feel sick. The killer bee stings you!
* * * LOW HITPOINT WARNING * * *
You are lethally poisoned!
The killer bee poisons you! You block the killer bee's attack.
You hit the killer bee.
The killer bee is lightly wounded.
* * * LOW HITPOINT WARNING * * *
You feel sick. The killer bee completely misses you.
You barely miss the killer bee.
The killer bee is lightly wounded.
* * * LOW HITPOINT WARNING * * *
You feel sick. The killer bee barely misses you.
You feel better. The killer bee barely misses you. The killer bee misses you.
You hit the killer bee.
The killer bee is lightly wounded.
The killer bee completely misses you. The killer bee stings you.
* * * LOW HITPOINT WARNING * * *
You closely miss the killer bee.
The killer bee is lightly wounded.
You block the killer bee's attack.
You closely miss the killer bee.
The killer bee is lightly wounded.
The killer bee closely misses you. x2
You hit the killer bee.
The killer bee is moderately wounded.
The killer bee stings you.
* * * LOW HITPOINT WARNING * * *
You block the killer bee's attack.
Welcome back, styxcanada the Spriggan Brigand.
Gozag says: Greed is good.
Press ? for a list of commands and other information.
It was a potion of attraction.
You feel attractive to monsters. The killer bee completely misses you.
The killer bee barely misses you.
You closely miss the killer bee.
The killer bee is moderately wounded.
The killer bee stings you.
You die...
Your body crumbles into a pile of gold.

##################
#.....y@...##....#
######.########.##....#
#.........### #.##....####### .
#.....y.....# #.##........... ..
#....y.##.#.###.............. ...
#.....y.#.#..................
..(########.#...#...##...........
...(.$...y.......................
.........y.)...........).........


You could see a killer bee.

Vanquished Creatures
  A centaur warrior (D:8)
  A troll (D:6)
  Prince Ribbit (D:7)
  A wraith (D:5)
  A water moccasin (D:7)
  An orc warrior (D:6)
  A sky beast (D:5)
  A black bear (D:7)
  A necrophage (D:5)
  An ogre (D:4)
  A centaur (D:8)
  2 phantoms
  A gnoll sergeant (D:5)
  3 scorpions
  A water moccasin zombie (D:5)
  A water moccasin skeleton (D:7)
  3 killer bees (D:8)
  A howler monkey (D:5)
  A wight (D:8)
  A jelly (D:4)
  4 hounds
  An orc priest (D:6)
  2 bullfrog skeletons
  An iguana (D:4)
  Ijyb (D:4)
  A hound zombie (D:5)
  6 adders
  14 gnolls
  A white imp (D:6)
  An adder skeleton (D:4)
  A worm (D:3)
  A dart slug (D:4)
  19 orcs
  4 endoplasms
  2 giant cockroaches (D:1)
  7 goblins
  7 hobgoblins
  6 jackals
  5 kobolds
  2 quokkas
  4 ball pythons
  8 bats
  A frilled lizard (D:1)
  3 rats
127 creatures vanquished.

Vanquished Creatures (collateral kills)
  2 wights (D:8)
2 creatures vanquished.

Grand Total: 129 creatures vanquished

Notes
Turn   | Place    | Note
-------+----------+-------------------------------------------
     0 | D:1      | styxcanada the Spriggan Brigand began the quest for the
                  | Orb.
     0 | D:1      | Reached XP level 1. HP: 10/10 MP: 2/2
    33 | D:1      | Found Xacolom's Weapon Emporium.
    57 | D:1      | Reached skill level 6 in Stealth
   331 | D:1      | Reached XP level 2. HP: 10/15 MP: 3/3
   693 | D:1      | Reached XP level 3. HP: 12/18 MP: 4/4
  1586 | D:2      | Reached skill level 7 in Stealth
  1633 | D:2      | Found a faded altar of an unknown god.
  2031 | D:2      | Reached XP level 4. HP: 22/23 MP: 5/5
  3102 | D:4      | Noticed a scorpion
  3122 | D:4      | Killed a scorpion
  3123 | D:4      | Reached XP level 5. HP: 26/26 MP: 6/6
  3126 | D:4      | Identified the +0 pair of gloves of Pandemonium {rN+ Will+
                  | Slay-3}
  3306 | D:4      | Reached skill level 8 in Stealth
  3419 | D:4      | Noticed Ijyb
  3439 | D:4      | Killed Ijyb
  3744 | D:4      | Noticed an ogre
  3746 | D:4      | Killed an ogre
  3747 | D:4      | Reached XP level 6. HP: 32/32 MP: 7/7
  3946 | D:4      | Reached skill level 1 in Slings
  3946 | D:4      | Reached skill level 1 in Shields
  3951 | D:4      | Found a shadowy altar of Dithmenos.
  3953 | D:4      | Found a hazy altar of Hepliaklqana.
  3953 | D:4      | Found a stormy altar of Qazlal.
  3962 | D:4      | Found a basalt altar of Yredelemnul.
  3989 | D:4      | Found a glowing golden altar of the Shining One.
  4393 | D:4      | Reached skill level 9 in Stealth
  4540 | D:5      | Entered Level 5 of the Dungeon
  4564 | D:5      | Reached XP level 7. HP: 27/35 MP: 8/8
  4634 | D:5      | Found an opulent altar of Gozag.
  4658 | D:5      | Became a worshipper of Gozag Ym Sagoz the Greedy
  4701 | D:5      | Noticed a wraith
  5970 | D:5      | Reached skill level 10 in Stealth
  5975 | D:5      | Reached XP level 8. HP: 40/40 MP: 9/9
  6098 | D:6      | Found Nownei's Antique Armour Boutique.
  6156 | D:6      | Reached skill level 1 in Evocations
  6406 | D:6      | Found an ornate altar of the Wu Jian Council.
  7070 | D:5      | Reached skill level 5 in Dodging
  7466 | D:6      | Noticed a troll
  7467 | D:6      | Killed a troll
  7488 | D:7      | Reached skill level 11 in Stealth
  7602 | D:7      | Found a staircase to the Ecumenical Temple.
  7713 | D:7      | Reached XP level 9. HP: 34/45 MP: 10/10
  8185 | D:7      | Noticed Prince Ribbit
  8192 | D:7      | Killed Prince Ribbit
  8276 | D:8      | Noticed a centaur warrior
  8283 | D:8      | Killed a centaur warrior
  8284 | D:8      | Reached skill level 5 in Short Blades
  8437 | D:8      | Identified the +3 hunting sling "Kulynoic" {freeze, Will+
                  | Str+4}
  8464 | D:8      | Reached skill level 12 in Stealth
  8601 | D:8      | Upgraded the game from 0.27.1-3-gb3d3a73c9e to
                  | 0.27.1-4-g1640c2035a
  8602 | D:8      | Slain by a killer bee

Illustrated notes

Levels and vault maps discovered:
D:1:      scummos_arrival_checkerplants, layout_loops_ring, serial_shops,
          nicolae_shop_waterfront
D:2:      layout_loops_corners, hellmonk_ecumenical_altar_run_dry,
          minmay_misc_feat_five
D:3:      layout_basic
D:4:      layout_loops_cross, lemuel_tele_altar,
          nicolae_overflow_quartered_altars, glass_columns_b, uniq_ijyb
D:5:      layout_loops_cross, mainiacjoe_overflow_cross_hatched
D:6:      layout_basic, nzn_wu_jian_contemplation, serial_shops, shop,
          minmay_microvault
D:7:      layout_rooms, minmay_temple_entry_crystal_x, amethyst_killhole,
          uniq_prince_ribbit1
D:8:      layout_basic

Skill      XL: |  1  2  3  4  5  6  7  8  9 |
---------------+----------------------------+-----
Stealth        | 6 7 8 9 10 11 12 | 12.1
Fighting       | 2 3 4 |  4.1
Short Blades   | 3 4 5 |  5.1
Dodging        | 2 3 4 5 6 |  6.4
Slings         | 1 3 4 |  4.7
Shields        | 1 2 3 |  3.1
Throwing       | 3 4 |  4.9
Evocations     | 3 4 |  4.4

Action                   |  1- 3 |  4- 6 |  7- 9 || total
-------------------------+-------+-------+-------++-------
Melee: Dagger            |   132 |    93 |   254 ||   479
 Fire: Hunting sling     |       |    10 |    30 ||    40
Throw: Dart              |     6 |    40 |    65 ||   111
       Stone             |       |       |     5 ||     5
Evoke: Wand              |       |       |     4 ||     4
  Use: Scroll            |       |     1 |    10 ||    11
       Potion            |       |       |     6 ||     6
 Stab: Sleeping          |    11 |    17 |    17 ||    45
       Distracted        |       |     1 |     2 ||     3
       Paralysed         |       |       |     1 ||     1
Armor: Robe              |    23 |    10 |    10 ||    43
Dodge: Dodged            |    84 |    34 |   138 ||   256
Block: Buckler           |       |    10 |    52 ||    62
